AoeStats
← 体制少妇白洁

Black Forest

505916308Analyzed
4v4 RM · 20d ago on Sep 11, 2026· 34m 11s· 8 players
Game mode
Random Map
Map size
Large (8 player)
Population
200
Speed
Normal
Resources
Standard
Victory
Conquest
Starting age
Dark Age
Ending age
Imperial Age
RankedLock teamsTeams togetherTeam positionsShared explorationLock speedFull tech treeHidden civsTurbo modeCheats
Victory
Defeat
🇭🇰 Magyars · Hong Kong SAR China
1533
+13
🇨🇳 Bengalis · China
1516
+14
🇨🇳 Cumans · China
1442
+17
🇭🇰 Turks · Hong Kong SAR China
1501
-18
🇻🇳 Byzantines · Vietnam
1479
-17
🇨🇳 Vikings · China
1451
-16
🇲🇦 Inca · Morocco
1435
-15
wayneid
11:53 Feudal Age
16:26 Castle Age
15:09 Champi Runner
15:59 Double-Bit Axe
17:34 Scale Mail Armor
17:45 Forging
19:54 Pikeman
22:10 Loom
25:12 Chain Mail Armor
28:26 Gold Mining
29:01 Horse Collar
32:47 Squires
AliShanboy
0:41 Loom
12:38 Feudal Age
14:31 Town Watch
17:18 Castle Age
15:23 Double-Bit Axe
19:43 Fletching
29:20 Stone Mining
thanh7531
0:42 Loom
12:53 Feudal Age
14:58 Forging
20:25 Castle Age
18:32 Horse Collar
19:02 Double-Bit Axe
20:05 Scale Barding Armor
30:27 Wheelbarrow
31:14 Fishing Lines
32:50 Hand Cart
Mustafa90
0:49 Loom
21:55 Feudal Age
26:56 Castle Age
24:45 Double-Bit Axe
24:48 Horse Collar
28:36 Bow Saw
31:58 Heavy Plow
YiTiaoQu
0:37 Loom
18:06 Feudal Age
18:49 Double-Bit Axe
22:22 Wheelbarrow
24:53 Castle Age
23:00 Horse Collar
夫国之有民,犹水之有舟,停则以安,扰则以危
8:31 Loom
12:55 Feudal Age
13:31 Double-Bit Axe
17:16 Castle Age
15:46 Scale Barding Armor
17:31 Fishing Lines
18:34 Bow Saw
18:10 Light Cavalry
25:23 Forging
25:22 Gillnets
25:57 Husbandry
26:33 Gold Mining
29:02 Chain Barding Armor
30:44 Wheelbarrow
33:15 Imperial Age
32:29 Gold Shaft Mining
33:15 Chain Barding Armor
32:50 Stone Mining
33:43 Hand Cart
33:18 Cavalier
34:40 Plate Barding Armor
体制少妇白洁
10:22 Loom
12:08 Feudal Age
13:22 Double-Bit Axe
17:55 Castle Age
19:12 Bow Saw
20:24 Wheelbarrow
19:32 Horse Collar
19:44 Fishing Lines
20:53 Heavy Plow
25:27 Gillnets
26:17 Hand Cart
28:10 Loom
28:47 Scale Barding Armor
28:52 Gold Mining
29:56 Chain Barding Armor
30:07 Bloodlines
29:57 Husbandry
34:26 Imperial Age
33:33 Caravan
cookie tin
10:45 Feudal Age
11:19 Double-Bit Axe
13:17 Loom
15:39 Wheelbarrow
14:33 Man-at-Arms
17:37 Scale Mail Armor
18:01 Town Watch
19:24 Forging
20:04 Gold Mining
21:22 Horse Collar
26:33 Castle Age
24:58 Stone Mining
25:05 Fletching
27:52 Gold Shaft Mining
26:48 Long Swordsman
27:46 Chain Mail Armor
28:54 Capped Ram
30:28 Squires
31:57 Bow Saw
34:33 Town Patrol
Connection lost

Rejoining the realm…

Still unreachable

The connection could not be restored.

Session expired

The server has moved on; the page needs a fresh start.